 Dungeon Crawl Stone Soup version 0.24-a0-640-ge7cd8ce796 (webtiles) character file.

Game seed: 17299911167535880439, levelgen mode: deterministic

234 MisterOstroum the Skirmisher (level 5, 33/45 HPs)
             Began as a Deep Dwarf Gladiator on Sept 25, 2019.
             Was a Follower of Hepliaklqana.
             Quit the game on level 4 of the Dungeon.
             The game lasted 00:12:01 (3103 turns).

MisterOstroum the Skirmisher (Deep Dwarf Gladiator) Turns: 3103, Time: 00:12:01

Health: 33/45      AC:  7    Str: 18    XL:     5   Next: 75%
Magic:  5/5        EV: 11    Int:  9    God:    Hepliaklqana [*.....]
Gold:   181        SH:  0    Dex: 14    Spells: 4/4 levels left

rFire    . . .     SeeInvis .   a - +0 trident
rCold    . . .     Gourm    .   (no shield)
rNeg     . . .     Faith    .   q - +0 scale mail
rPois    .         Spirit   .   c - +0 helmet
rElec    .         Reflect  .   (no cloak)
rCorr    +         Harm     .   (no gloves)
MR       .....     Rnd*Tele +   (no boots)
Stlth    ..........             j - amulet of inaccuracy (curse)
HPRegen  0.00/turn              k - ring of resist corrosion
MPRegen  0.09/turn              t - ring of teleportation (curse)

@: non-regenerating
A: damage resistance, heal wounds, reduced essence, sense surroundings 1, no
regeneration
a: Heal Wounds, Recall Ancestor, Ancestor Identity, Renounce Religion


You were on level 4 of the Dungeon.
You worshipped Hepliaklqana.
Hepliaklqana was aware of your devotion.
You were not hungry.

You visited 2 branches of the dungeon, and saw 5 of its levels.

You collected 181 gold pieces.

Inventory:

Hand Weapons
 a - a +0 trident (weapon)
Missiles
 d - a throwing net {!f}
 m - 103 stones
 n - 50 poisoned darts (quivered)
 v - 6 silver javelins
Armour
 b - a +0 leather armour
 c - a +0 helmet (worn)
 l - a +0 ring mail
 q - a +0 scale mail (worn)
Jewellery
 j - a cursed amulet of inaccuracy (around neck)
 k - a ring of resist corrosion (left hand)
 t - a cursed ring of teleportation (right hand)
Scrolls
 g - 2 scrolls of amnesia
 o - a scroll of magic mapping {@r5 !r}
 p - a scroll of teleportation {@r3 !r}
 s - 2 scrolls of identify
 y - a scroll of immolation
Potions
 f - 3 potions of curing {unknown}
 h - a potion of magic {unknown}
 i - 3 potions of flight
 u - a potion of lignification {unknown}
 w - a potion of invisibility {unknown}
 x - 2 potions of might {unknown}
 z - a potion of brilliance {unknown}
 A - a potion of haste {unknown}
Comestibles
 e - 11 rations


   Skills:
 + Level 4.4 Fighting
 * Level 4.0 Polearms
 + Level 1.8 Throwing
 - Level 1.0 Armour
 - Level 3.2 Dodging


You had 4 spell levels left.
You didn't know any spells.
Your spell library was empty.

Dungeon Overview and Level Annotations

Branches:
Dungeon (4/15)             Temple (1/1) D:4

Altars:
Ashenzari
Dithmenos
Fedhas
Gozag
Hepliaklqana
Kikubaaqudgha
Makhleb
Nemelex Xobeh
Okawaru
Qazlal
Ru
Uskayaw
Vehumet
Xom
Yredelemnul
Zin
The Shining One

Annotations:
D:4 exclusion: door


Innate Abilities, Weirdness & Mutations

You are resistant to damage.
You can heal yourself by infusing magical energy.
You passively map a small area around you.
You do not regenerate.
Your life essence is reduced to manifest your ancestor. (-10% HP)


Message History

Press: ? - help, Dir - move target cursor, f/p - adder
Aim: an adder You barely miss the adder.
The adder barely misses you.
Leo Littilebook hits the adder but does no damage.
The adder bites you but does no damage.
Leo Littilebook closely misses the adder.
Attack whom?
Press: ? - help, Dir - move target cursor, f/p - adder
Aim: an adder You hit the adder but do no damage.
The adder bites you but does no damage.
Leo Littilebook hits the adder.
Leo Littilebook closely misses the adder.
The adder bites you.
Attack whom?
Press: ? - help, Dir - move target cursor, f/p - adder
Aim: an adder (lightly wounded)
You barely miss the adder.
The adder is lightly wounded.
The adder barely misses you.
Leo Littilebook hits the adder.
Attack whom?
Press: ? - help, Dir - move target cursor, f/p - adder
Aim: an adder (moderately wounded)
Your scale mail prevents you from hitting the adder.
The adder is moderately wounded.
The adder barely misses you.
Leo Littilebook barely misses the adder.
The adder bites you.
You are poisoned.
The adder poisons you!
Attack whom?
Press: ? - help, Dir - move target cursor, f/p - adder
Aim: an adder (moderately wounded)
You hit the adder but do no damage.
The adder is moderately wounded.
The adder bites you but does no damage.
Leo Littilebook hits the adder.
Unknown command.
Attack whom?
Press: ? - help, Dir - move target cursor, f/p - adder
Aim: an adder (heavily wounded)
You miss the adder.
The adder is heavily wounded.
The adder bites you but does no damage.
Leo Littilebook misses the adder.
The adder bites you but does no damage.
Attack whom?
Press: ? - help, Dir - move target cursor, f/p - adder
Aim: an adder (heavily wounded)
You hit the adder.
The adder is heavily wounded.
Leo Littilebook hits the adder.
The adder dies!
Attack whom?
Press: ? - help, Dir - move target cursor, f - you
Okay, then.
v - 5 silver javelins (gained 1)
n - 48 poisoned darts (gained 1)
n - 49 poisoned darts (gained 1)
n - 50 poisoned darts (gained 1)
You now have 181 gold pieces (gained 14).
You are no longer poisoned.
v - 6 silver javelins (gained 1)
There is a stone staircase leading down here.
A worker ant comes into view.
The worker ant twitches its antennae in your direction.
The worker ant waves its antennae.
Found a garnet ring.
A worker ant is nearby!
A worker ant is nearby!
A worker ant is nearby!
Put on which piece of jewellery? (? for menu, Esc to quit)
Okay, then.
You swap places.
Put on which piece of jewellery? (? for menu, Esc to quit)
k - a ring of resist corrosion (left hand) Put on which piece of jewellery? (? for menu, Esc to quit)
You feel slightly jumpy.
Oops, that ring feels deathly cold.
t - a cursed ring of teleportation (right hand) Put on which piece of jewellery? (? for menu, Esc to quit)
Oops, that amulet feels deathly cold.
j - a cursed amulet of inaccuracy (around neck)
As you read the scroll labeled UDIKLA AF QESH, it crumbles to dust.
It is a scroll of amnesia.
You feel forgetful for a moment.
As you read the scroll labeled VERAHA ACZET, it crumbles to dust.
You feel aware of your surroundings.
It was a scroll of magic mapping.
As you read the scroll labeled XEWIJA CABYCZU, it crumbles to dust.
You feel strangely unstable.
It was a scroll of teleportation.
The worker ant closely misses Leo Littilebook.
As you read the scroll labeled BUHIGONICO, it crumbles to dust.
It is a scroll of identify.
y - a scroll of immolation The worker ant bites Leo Littilebook.
Leo Littilebook barely misses the worker ant.
Okay, then.
Okay, then.
As you read the scroll of identify, it crumbles to dust.
i - 3 potions of flight Your surroundings suddenly seem different.
An ogre comes into view. It is wielding a +0 giant spiked club.
The ogre shouts!
Are you sure you want to abandon this character and quit the game? (Confirm with "yes".)

,,,*,***#.#.######...##.##.##.#.#
,,,*,*#...#.# #...##..........
****,*#.###.# ###...#####....>..
**,*#.* #.# #.......# ######.#
*,,,#,**#.#* #.#...#.##** #.#
*,,,,,,,...###.#.......,* #.#
***,,,*,***,#........#.##.****#.#
,,,,,,,,**,*##.#.#..##.##..,,*#.#
*******##,** ##.@..........#.*#..
#.#* ##.......##...,**** *..#*
##.##..#####.#,**
*,#.###O##.........#>*
*,*#.#..........###..*
*,*#..#O##......# *,**
#.......##......# *.#
##......##......###a####
#.#.##.##....>........#


You could see an ogre.

Vanquished Creatures
  An orc priest (D:4)
  2 orc wizards
  An iguana (D:4)
  An adder (D:3)
  4 dart slugs
  2 leopard geckos
  5 orcs
  A giant cockroach (D:3)
  4 goblins
  11 hobgoblins
  4 jackals (D:3)
  4 kobolds
  2 quokkas (D:3)
  A ball python skeleton (D:4)
  5 bats
  4 frilled lizards
  6 rats
58 creatures vanquished.

Vanquished Creatures (collateral kills)
  An orc wizard (D:4)
  An adder (D:4)
  An adder skeleton (D:4)
3 creatures vanquished.

Vanquished Creatures (others)
  2 ancestors (D:4)
2 creatures vanquished.

Grand Total: 63 creatures vanquished

Notes
Turn   | Place    | Note
-------+----------+-------------------------------------------
     0 | D:1      | MisterOstroum the Deep Dwarf Gladiator began the quest for
                  | the Orb.
     0 | D:1      | Reached XP level 1. HP: 19/19 MP: 1/1
   171 | D:1      | Reached XP level 2. HP: 16/26 MP: 2/2
   893 | D:2      | Reached XP level 3. HP: 18/32 MP: 3/3
  1474 | D:3      | Reached skill level 1 in Armour
  1478 | D:3      | Found a faded altar of an unknown god.
  1940 | D:3      | Reached XP level 4. HP: 37/40 MP: 4/4
  2345 | D:3      | Became a worshipper of Hepliaklqana the Forgotten
  2345 | D:3      | Reached * piety under Hepliaklqana
  2392 | D:4      | Found a staircase to the Ecumenical Temple.
  2400 | Temple   | Entered the Ecumenical Temple
  2532 | D:3      | Reached XP level 5. HP: 31/44 MP: 5/5
  2707 | D:4      | Found an iron altar of Okawaru.
  2707 | D:4      | Noticed a hippogriff
  3097 | D:4      | Noticed an ogre
  3103 | D:4      | Quit the game

Levels and vault maps discovered:
D:1:      minmay_arrival_four_loops, layout_loops_ring
D:2:      layout_loops_ring, first_ration, hangedman_abyss_or_decor_lesser_grid
D:3:      minmay_spotlight, layout_loops_ring, nicolae_overflow_hidden_temple,
          chequers_ecumenical_altar_island
D:4:      layout_loops_cross, kennysheep_little_box,
          minmay_temple_entry_statues_pillars
Temple:   kb_temple_of_zot

Skill      XL: |  1  2  3  4  5 |
---------------+----------------+-----
Polearms       | 3 4 |  4.0
Armour         | 1 |  1.0
Fighting       | 2 3 4 |  4.4
Throwing       | |  1.8
Dodging        | |  3.2

Action                   |  1- 3 |  4- 6 || total
-------------------------+-------+-------++-------
Melee: Trident           |   107 |    45 ||   152
Throw: Throwing net      |     1 |     3 ||     4
       Dart              |    48 |    31 ||    79
       Stone             |    12 |       ||    12
       Javelin           |       |     2 ||     2
Invok: Ancestor Identity |       |     1 ||     1
 Abil: Heal Wounds       |     1 |     1 ||     2
  Use: Scroll            |       |     5 ||     5
 Stab: Sleeping          |     1 |       ||     1
       Held in net/web   |       |     1 ||     1
  Eat: Chunk             |     3 |     4 ||     7
Armor: Leather armour    |     1 |       ||     1
       Ring mail         |     6 |       ||     6
       Scale mail        |    20 |    13 ||    33
Dodge: Dodged            |    41 |    17 ||    58

Table legend:
 A = Non-vault XP
 B = Vault XP
 C = Vault XP percentage of total XP
 D = Non-vault monster count
 E = Vault monster count
 F = Vault count percentage of total count
                 A         B        C        D         E       F
            +---------+---------+-------+---------+---------+-------
      Total |     332 |       3 |   0.9 |      59 |       2 |   3.3
            +---------+---------+-------+---------+---------+-------
        D:1 |      34 |       0 |   0.0 |      18 |       0 |   0.0
        D:2 |      12 |       0 |   0.0 |       5 |       0 |   0.0
        D:3 |     106 |       3 |   2.8 |      28 |       2 |   6.7
        D:4 |     180 |       0 |   0.0 |       8 |       0 |   0.0
            +---------+---------+-------+---------+---------+-------
